 Dungeon Crawl Stone Soup version 0.26.1-11-gd32895ea62 (webtiles) character file.

Game seed: 15267168486297744375

79 jlumianski the Caller (level 4, -10/18 HPs)
             Began as a Felid Summoner on May 22, 2021.
             Was an Initiate of Makhleb.
             Splashed by a gnoll's acid (12 damage)
             ... on level 4 of the Dungeon.
             The game lasted 00:13:19 (4388 turns).

jlumianski the Caller (Felid Summoner)              Turns: 4388, Time: 00:13:20

Health: -10/18     AC:  1    Str:  4    XL:     4   Next: 16%
Magic:  6/10       EV: 18    Int: 17    God:    Makhleb [......]
Gold:   210        SH:  0    Dex: 16    Spells: 6/9 levels left
                                        Lives:  0   Deaths: 1

rFire    . . .     SeeInvis +     - Unarmed
rCold    . . .     Faith    .   (shield unavailable)
rNeg     . . .     Spirit   .   (armour unavailable)
rPois    .         Reflect  .   (helmet unavailable)
rElec    .         Harm     .   (cloak unavailable)
rCorr    .         Rampage  .   (gloves unavailable)
Will     .....                  (boots unavailable)
Stlth    +++.......             (no amulet)
HPRegen  0.06/turn              (no ring)
MPRegen  0.12/turn              (no ring)

@: quick
A: very small, no armour, no weapons or thrown items, stealth, claws 1, fangs 3,
see invisible, speed 1, shaggy fur 1, sharp paws
a: Renounce Religion


You were on level 4 of the Dungeon.
You worshipped Makhleb.
Makhleb was noncommittal.
You visited 2 branches of the dungeon, and saw 5 of its levels.

You collected 210 gold pieces.

Inventory:

Jewellery
 e - an uncursed ring of fire
Wands
 f - a wand of flame (20)
 j - a wand of digging (3)
Scrolls
 d - a scroll of enchant weapon
 g - a scroll of identify
 l - a scroll of fog {unknown}
Potions
 a - a potion of curing {unknown}
 b - a potion of degeneration {unknown}
 c - a potion of resistance {unknown}
 h - 2 potions of haste {unknown}
 i - a potion of lignification {unknown}
 k - a potion of heal wounds {unknown}


   Skills:
 + Level 3.1 Dodging
 + Level 2.8 Stealth
 + Level 1.0 Unarmed Combat
 + Level 3.3 Spellcasting
 + Level 4.9 Summonings


You had 6 spell levels left.
You knew the following spells:

 Your Spells              Type           Power        Failure   Level
a - Summon Small Mammal   Summ           76%          2%          1
b - Call Imp              Summ           19%          3%          2

Your spell library contained the following spells:

 Spells                   Type           Power        Failure   Level
 Call Canine Familiar     Summ           19%          7%          3
 Summon Guardian Golem    Hex/Summ       11%          19%         3
 Summon Ice Beast         Ice/Summ       11%          52%         4
 Summon Lightning Spire   Summ/Air       11%          52%         4


Dungeon Overview and Level Annotations

Branches:
Dungeon (4/15)             Temple (1/1) D:4

Altars:
Ashenzari
Cheibriados
Dithmenos
Elyvilon
Gozag
Hepliaklqana
Kikubaaqudgha
Makhleb
Okawaru
Ru
Sif Muna
Trog
Uskayaw
Wu Jian
Yredelemnul
Zin
The Shining One


Innate Abilities, Weirdness & Mutations

You cannot wear armour.
You are incapable of wielding weapons or throwing items.
Your paws allow you to move quietly. (Stealth)
You have sharp claws.
You have razor-sharp teeth.
You have supernaturally acute eyesight. (SInv)
You cover ground quickly.
You are covered in fur. (AC +1)
Your sharp claws are effective at attacking unaware monsters.


Message History

Aim: a gnoll Attack!
A gnoll comes into view.
Casting: Summon Small Mammal (safe; 2% risk of failure)
Confirm with . or Enter, or press ? or * to list all spells.
A shadowy apparition takes form in the air.
Your shadow imp says, "I'm here!"
Casting: Call Imp (safe; 3% risk of failure)
Confirm with . or Enter, or press ? or * to list all spells.
Your white imp gestures at the gnoll.
The puff of frost hits the gnoll!
Casting: Summon Small Mammal (safe; 2% risk of failure)
Confirm with . or Enter, or press ? or * to list all spells.
Your white imp barely misses the gnoll.
Your quokka barely misses the gnoll.
The gnoll zaps a wand.
The bolt of acid hits you!
Ouch! That really hurt!
* * * LOW HITPOINT WARNING * * *
You are splashed with acid!
Ouch! That really hurt!
You die...

#......# #......#
#......# ###......#
..'......#
#......#####
..#####...r....).##≈
...........@........
#
#.#####.....5r..g...
.###.#
#....5#g......
..##.#
#.....#...g...
#.##.#
###.....#.......
#.##.#
#....####.......
#.##.# #.#..#
.......
#.##.###.#..#
.......
###.5#..5..#..#


You could see 3 gnolls, a friendly white imp (summoned), a friendly shadow imp
(summoned) and 2 friendly quokkas.

Vanquished Creatures
  A leopard gecko (D:4)
  An orc (D:3)
  A giant cockroach (D:4)
  A goblin (D:2)
  A hobgoblin (D:3)
  A jackal (D:3)
  A bat (D:1)
  3 frilled lizards (D:1)
  A kobold (D:3)
  2 rats
13 creatures vanquished.

Vanquished Creatures (collateral kills)
  Ijyb (D:3)
  A worker ant (D:4)
  Natasha (twice) (D:2)
  5 adders
  An ooze (D:3)
  A dart slug (D:3)
  A leopard gecko (D:3)
  3 orcs (D:3)
  A ball python (D:4)
  A giant cockroach (D:1)
  2 gnoll zombies (D:3)
  2 goblins (D:1)
  6 hobgoblins
  5 jackals
  A quokka (D:4)
  A frilled lizard (D:1)
  3 rats
37 creatures vanquished.

Vanquished Creatures (others)
  5 fungi (D:4)
  A plant (D:4)
6 creatures vanquished.

Grand Total: 56 creatures vanquished

Notes
Turn   | Place    | Note
-------+----------+-------------------------------------------
     0 | D:1      | jlumianski the Felid Summoner began the quest for the Orb.
     0 | D:1      | Reached XP level 1. HP: 7/7 MP: 4/4
   705 | D:1      | Reached XP level 2. HP: 11/11 MP: 1/6
   708 | D:1      | Learned a level 2 spell: Call Imp
  1605 | D:2      | Noticed Natasha
  1624 | D:2      | Killed Natasha
  1761 | D:2      | Noticed Natasha
  1766 | D:2      | Killed Natasha
  1767 | D:2      | Reached XP level 3. HP: 14/14 MP: 1/7
  1904 | D:3      | Noticed Ijyb
  2483 | D:3      | Found a shadowy altar of Dithmenos.
  2678 | D:3      | Reached skill level 1 in Unarmed Combat
  2678 | D:3      | Reached XP level 4. HP: 17/17 MP: 2/9
  2839 | D:3      | Splashed by Ijyb's acid
  2840 | D:3      | Reached XP level 3. HP: -7/13 MP: 8/8
  3097 | D:3      | Found a basalt altar of Yredelemnul.
  3340 | D:3      | Killed Ijyb
  4025 | D:4      | Reached XP level 4. HP: 18/18 MP: 4/9
  4229 | D:4      | Found a staircase to the Ecumenical Temple.
  4240 | Temple   | Entered the Ecumenical Temple
  4267 | Temple   | Became a worshipper of Makhleb the Destroyer
  4388 | D:4      | Splashed by a gnoll's acid

Illustrated notes

Levels and vault maps discovered:
D:1:      psy_arrival_radial01, layout_basic
D:2:      layout_loops_ring, roderic_serpentine_path, uniq_natasha
D:3:      layout_basic, lemuel_zombie_altar_yredelemnul, portal_sewer_entry_d,
          nicolae_dithmenos_through_a_glass_darkly, uniq_ijyb
D:4:      minmay_chambers_of_twos, layout_basic,
          grunt_temple_overflow_forces_of_nature,
          minmay_temple_entry_drinking_statues
Temple:   lightli_temple_of_artemis

Skill      XL: |  1  2  3 |
---------------+----------+-----
Unarmed Combat | 1 |  1.0
Spellcasting   | 3 |  3.3
Dodging        | 3 |  3.1
Stealth        | |  2.8
Summonings     | |  4.9

Action                   |  1- 3 |  4- 6 || total
-------------------------+-------+-------++-------
Melee: Unarmed           |    46 |     6 ||    52
       Bite              |     3 |     2 ||     5
       Punch             |       |     1 ||     1
 Cast: Summon Small Mamm |    68 |     4 ||    72
       Call Imp          |    26 |     4 ||    30
  Use: Scroll            |     5 |       ||     5
 Stab: Sleeping          |     8 |     1 ||     9
Dodge: Dodged            |    50 |     4 ||    54
